[Event "Late-Titled-Tuesday-Blitz-December-26-2023"]
[Site "Chess.com"]
[Date "2023.12.26"]
[Round "10"]
[White "GABUZYAN_CHESSMOOD"]
[Black "attack2mateU"]
[Result "1-0"]
[WhiteElo "2907"]
[BlackElo "2725"]
[TimeControl "180+1"]
[EndTime "15:53:28 PST"]
[Termination "GABUZYAN_CHESSMOOD won by resignation"]

1. e4 c5 2. Nc3 d6 3. d4 cxd4 4. Qxd4 Nc6 5. Qd2 g6 6. b3 Bh6 7. f4 Nf6 8. Bb2 O-O 9. O-O-O e5 10. g3 Re8 11. Nge2 Bg4 12. Bg2 exf4 13. gxf4 Bxe2 14.
Qxe2 Bxf4+ 15. Kb1 Be5 16. h4 Rc8 17. Qd2 Qa5 18.
Nd5 Qxd2 19. Rxd2 Nxd5 20. Rxd5 Bxb2 21. Kxb2 Rcd8 22. Rhd1 Re6 23. e5 Nxe5 24. Ra5 Ng4 25. Bxb7 Re7 26. Rxa7 Kg7 27. Rd4 f5 28. Ra8 Rxa8 29.
Bxa8 Kf6 30. Rxd6+ Ke5 31. Rd5+ Ke6 32. Rd2 Rc7 33. c4 f4 34. Kc3 h6 35. b4 g5 36.
hxg5 hxg5 37. b5 Ne5 38. Bd5+ Kf5 39. b6 Rc8 40. b7 Rb8 41. a4 Nd7 42. a5 Nc5 43.
Rb2 g4 44. Kd4 Nxb7 45. Bxb7 f3 46. a6 Kf4 47. a7 Rc8 48. Bxc8 1-0

[Event "Late-Titled-Tuesday-Blitz-December-26-2023"]
[Site "Chess.com"]
[Date "2023.12.26"]
[Round "10"]
[White "Aguiar94"]
[Black "Maect19"]
[Result "1-0"]
[WhiteElo "2552"]
[BlackElo "2363"]
[TimeControl "180+1"]
[EndTime "15:53:30 PST"]
[Termination "Aguiar94 won by checkmate"]

1. e4 e5 2. Nf3 Nc6 3. Nc3 Nf6 4. Bb5 Bd6 5. d3 h6 6. a3 a6 7. Bc4 O-O 8. g4 Nh7 9. h4 Nd4 10. g5 b5 11. Ba2 Kh8 12. gxh6 g6 13. Nxd4 exd4 14.
Ne2 c5 15. Bf4 Be7 16. Bg3 Bb7 17. Nf4 Nf6 18. Qe2 c4 19. Rg1 Qa5+ 20. Qd2 c3 21. bxc3 dxc3 22. Qd1 Bxa3 23. Bb3 Qb4 24. Nh3 Rae8 25. Kf1 Bb2 26. Ng5 d5 27. e5 Bxa1 28.
exf6 Bb2 29. Qf3 Qc5 30. h5 Bc1 31. Nxf7+ Kh7 32. hxg6+ Kxg6 33. Ne5+ Kh7 34. Qf5+ Kh8 35. f7 Bxh6 36. Ng6+ Kg7 37. Be5+ Kh7 38. Nxf8# 1-0

[Event "Late-Titled-Tuesday-Blitz-December-26-2023"]
[Site "Chess.com"]
[Date "2023.12.26"]
[Round "10"]
[White "nitpicker"]
[Black "tripledes"]
[Result "0-1"]
[WhiteElo "2288"]
[BlackElo "2236"]
[TimeControl "180+1"]
[EndTime "15:53:30 PST"]
[Termination "tripledes won on time"]

1. d4 f5 2. c4 e6 3. Nf3 Nf6 4. Qc2 Be7 5. b3 b6 6. Bb2 Bb7 7. Nc3 O-O 8. e3 Ne4 9. O-O-O d5 10. Ne5 Nd7 11. cxd5 exd5 12. Nd3 c5 13. dxc5 bxc5 14. Nf4 Nxc3 15. Bxc3 Qb6 16. Nxd5 Bxd5 17. Rxd5 Qc6 18. Bc4 Kh8 19. Rxf5 Nb6 20. Bd3 Rxf5 21. Bxf5 Qh6 22. Qe4 Bf6 23. Bd2 Rd8 24. h3 Nd5 25. Kb1 Ne7 26. Bc1 g6 27. Be6 Qg7 28. Bc4 Nc8 29. Qc6 Nb6 30. Qxc5 Rc8 31. Qb5 Nxc4 32. bxc4 Qc7 33.
Ba3 Rb8 34. Rd1 Rxb5+ 35. cxb5 Qc4 36. Rc1 Qxb5+ 37. Kc2 Qc4+ 38. Kd2 Qxa2+ 0-1

[Event "Late-Titled-Tuesday-Blitz-December-26-2023"]
[Site "Chess.com"]
[Date "2023.12.26"]
[Round "10"]
[White "Onthequiet"]
[Black "youngdinousaur"]
[Result "1-0"]
[WhiteElo "2425"]
[BlackElo "2299"]
[TimeControl "180+1"]
[EndTime "15:53:31 PST"]
[Termination "Onthequiet won by resignation"]

1. d4 Nf6 2. Nf3 e6 3. a3 d5 4. c4 Be7 5. Nc3 O-O 6. Bf4 c6 7. e3 Nh5 8. Bg3 Nxg3 9. hxg3 h6 10. Qc2 Nd7 11. O-O-O b6 12. e4 dxe4 13. Qxe4 Bb7 14.
Bd3 Nf6 15. Qe2 Qc7 16. Rhe1 Rad8 17. Bb1 Rd7 18. Ne5 Rdd8 19. f4 c5 20. g4 cxd4 21.
Nb5 Qb8 22. g5 hxg5 23. fxg5 d3 24. Bxd3 Rxd3 25. Qxd3 Rd8 26. gxf6 Rxd3 27. fxe7 Rxd1+ 28. Rxd1 Qxe5 29. e8=Q+ Kh7 30. Qxf7 Qe3+ 31. Kb1 Be4+ 32. Ka1 Qh6 33. Nc3 Bg6 34. Qxa7 Qh2 35. Qxb6 Qxg2 36. Qxe6 Qh2 37. Qd5 Qg3 38. Rh1+ 1-0

[Event "Late-Titled-Tuesday-Blitz-December-26-2023"]
[Site "Chess.com"]
[Date "2023.12.26"]
[Round "10"]
[White "maurovargas01"]
[Black "campochess"]
[Result "0-1"]
[WhiteElo "1842"]
[BlackElo "2165"]
[TimeControl "180+1"]
[EndTime "15:53:32 PST"]
[Termination "campochess won on time"]

1. d4 Nf6 2. c4 c5 3. dxc5 e6 4.
g3 Bxc5 5. Bg2 Nc6 6. Nf3 h6 7.
O-O O-O 8. a3 d5 9. b4 Be7 10.
c5 Ne4 11. Bb2 Bf6 12. Qc1 Bxb2 13. Qxb2 Bd7 14. Nbd2 f5 15. Rac1 Qf6 16. Qb3 a6 17.
Rfd1 Rac8 18. Nxe4 fxe4 19. Nh4 Qxf2+ 20. Kh1 Qxe2 21.
a4 Rf2 22. Rg1 Nd4 23. Qc3 Qd3 24. Ng6 Qxc3 25. Rxc3 Ne2 26. Ne7+ Kf7 27. Nxc8 Bxc8 28. Rc2 e3 29. Re1 Nd4 30. Rxf2+ exf2 31. Rf1 Bd7 32.
a5 Ke7 33. Rxf2 Bb5 34. Rd2 Nc6 35. Rd1 Nxb4 36. Re1 Bc4 37. Bh3 d4 38. Kg1 d3 39.
Re4 d2 40. Bg4 Bb3 41. Rxb4 d1=Q+ 42. Bxd1 Bxd1 43. Rxb7+ Kf6 0-1

[Event "Late-Titled-Tuesday-Blitz-December-26-2023"]
[Site "Chess.com"]
[Date "2023.12.26"]
[Round "10"]
[White "GoltsevDmitry2000"]
[Black "yaguigor"]
[Result "1-0"]
[WhiteElo "2688"]
[BlackElo "2584"]
[TimeControl "180+1"]
[EndTime "15:53:33 PST"]
[Termination "GoltsevDmitry2000 won by resignation"]

1. e4 c5 2. Nf3 Nc6 3. d4 cxd4 4. Nxd4 Nf6 5. Nc3 e5 6. Nf5 d6 7. Ne3 Nd4 8. Bc4 Be6 9. Ned5 Rc8 10. Bd3 Nxd5 11. Nxd5 Be7 12. c3 Nc6 13. O-O O-O 14. Qh5 h6 15. g3 Qd7 16. Bxh6 Bg4 17. Nxe7+ Nxe7 18. Qg5 Ng6 19. f4 Bh3 20. f5 gxh6 21. Qxh6 f6 22. Qxh3 Ne7 23. Qg4+ Kf7 24. Qh5+ Kg7 25.
Rad1 Rh8 26. Qg4+ Kf7 27. Rf2 b5 28. Bc2 d5 29. Bb3 Rcg8 30. Rxd5 Nxd5 31. Bxd5+ Qxd5 32. Qxg8+ Rxg8 33. exd5 Ke7 34. Rd2 Kd6 35. Kg2 e4 36. Kf2 Ke5 37. d6 Kxf5 38. d7 Rd8 39. Ke3 Ke5 40.
g4 a5 41. h4 f5 42. gxf5 Kxf5 43. Rd5+ Ke6 44. Kxe4 b4 45. c4 a4 46. b3 axb3 47.
axb3 Ke7 48. h5 1-0

[Event "Late-Titled-Tuesday-Blitz-December-26-2023"]
[Site "Chess.com"]
[Date "2023.12.26"]
[Round "10"]
[White "Bryanl106"]
[Black "GiorgianBarbosa"]
[Result "1-0"]
[WhiteElo "2570"]
[BlackElo "2502"]
[TimeControl "180+1"]
[EndTime "15:53:33 PST"]
[Termination "Bryanl106 won by resignation"]

1. e4 c5 2. Nf3 g6 3. d4 cxd4 4. Nxd4 Bg7 5. Nc3 Nc6 6. Be3 Nf6 7. Bc4 O-O 8. Bb3 Re8 9. O-O d6 10. h3 Na5 11. Qf3 Nxb3 12. axb3 Bd7 13. Rfd1 a6 14.
b4 Qc7 15. Bg5 Qb6 16. Bxf6 exf6 17. Nd5 Qd8 18. c3 Bc6 19. Nxc6 bxc6 20. Ne3 Qe7 21. Nc4 Qxe4 22. Qxe4 Rxe4 23. Nxd6 Re2 24. Nc4 f5 25.
Kf1 Re6 26. Nb6 Ra7 27. Rd8+ Bf8 28. Nd7 Rd6 29. Rxf8+ Kg7 30. Rd8 Rdxd7 31. Rxd7 Rxd7 32. Rxa6 Rd2 33. Rxc6 Rxb2 34. h4 h6 35. g3 g5 36.
hxg5 hxg5 37. Rc5 Kg6 38. b5 f4 39. gxf4 g4 40. Kg2 f5 41. c4 Rb3 42. Rc6+ Kh5 43.
Rc8 g3 44. fxg3 Rb2+ 45. Kh3 Rb1 46. Rh8+ Kg6 47. Kg2 Rb4 48. Rc8 Kh5 49. Rg8 Rxc4 50. Rg5+ Kh6 51. Rxf5 Rb4 52. Rc5 Kg6 53. Kf3 Kh6 54. g4 Kg6 55. g5 Kh5 56. Rc6 Rb3+ 57. Ke4 Rxb5 58. Rh6+ Kg4 59. g6 Rb6 60. g7 Rb4+ 61. Ke5 Kf3 62. g8=Q Re4+ 63. Kd6 Rxf4 64. Qd5+ 1-0

[Event "Late-Titled-Tuesday-Blitz-December-26-2023"]
[Site "Chess.com"]
[Date "2023.12.26"]
[Round "10"]
[White "rdarruda"]
[Black "micke12a"]
[Result "1/2-1/2"]
[WhiteElo "2511"]
[BlackElo "2414"]
[TimeControl "180+1"]
[EndTime "15:53:39 PST"]
[Termination "Game drawn - insufficient material"]

1. Nf3 Nf6 2. d4 d5 3. c4 e6 4. Nc3 dxc4 5. e3 c5 6. Bxc4 a6 7. O-O Nc6 8. Ne5 cxd4 9. Nxc6 bxc6 10. exd4 a5 11. Qe2 Qb6 12. Be3 Nd5 13. Rac1 Ba6 14.
Bxa6 Qxa6 15. Qg4 h5 16. Qg3 h4 17. Qg4 Nf6 18. Qf3 h3 19. g3 Nd5 20. Rc2 a4 21. a3 Qd3 22. Rfc1 Rb8 23. Nxa4 Qb5 24. Nc3 Nxc3 25. Rxc3 Qd5 26. Qxd5 exd5 27. b4 Ra8 28.
Rxc6 Rxa3 29. Rc8+ Kd7 30. R1c7+ Ke6 31. Kf1 Bd6 32.
Rxh8 Bxc7 33. Rxh3 Rb3 34. Bd2 Bd6 35. Rh8 Rb2 36.
Be1 Bxb4 37. Rb8 Ba3 38. Rxb2 Bxb2 39. Ke2 Bxd4 40. Kd3 Bb6 41. f3 Kf5 42. Bd2 f6 43. g4+ Ke6 44. h4 g6 45. h5 gxh5 46. gxh5 Kf5 47.
h6 Kg6 48. Bf4 Bc5 49. Bd2 Bf8 50. Kd4 Bxh6 51. Bxh6 Kxh6 52. Kxd5 Kg5 53. Ke6 Kf4 54. Kxf6 Kxf3 1/2-1/2

[Event "Late-Titled-Tuesday-Blitz-December-26-2023"]
[Site "Chess.com"]
[Date "2023.12.26"]
[Round "10"]
[White "Pertinhez76"]
[Black "UK_23"]
[Result "1-0"]
[WhiteElo "2116"]
[BlackElo "2340"]
[TimeControl "180+1"]
[EndTime "15:53:39 PST"]
[Termination "Pertinhez76 won by resignation"]

1. e4 e5 2. Nf3 Nf6 3. Nxe5 Nxe4 4. Qe2 Qe7 5. Qxe4 d6 6. d4 dxe5 7. dxe5 Nc6 8. Bb5 Bd7 9. Nc3 O-O-O 10. Bd2 Nxe5 11.
O-O-O Bxb5 12. Nxb5 a6 13. Nc3 Nc6 14. Rhe1 Qxe4 15.
Nxe4 Be7 16. Bc3 f6 17. a3 Rxd1+ 18. Kxd1 Rd8+ 19. Kc1 Kd7 20. f4 f5 21. Nd2 g6 22. Nf3 Bd6 23. g3 Re8 24. Rxe8 Kxe8 25. Kd2 Kf7 26. Kd3 h6 27. b4 b5 28. Bh8 Ne7 29.
c4 c6 30. c5 Bc7 31. Be5 Bd8 32. Bd6 Ke6 33. Bxe7 Bxe7 34. Ne5 g5 35. Nxc6 Bf6 36. Nb8 gxf4 37. gxf4 Bb2 38. Nxa6 Bxa3 39. Nc7+ Kd7 40. Nd5 Ke6 41. Kd4 Bb2+ 42. Nc3 Ba3 43. Nxb5 Bxb4 44. c6 Bd2 45. c7 Kd7 46. Ke5 h5 47. Kxf5 h4 48. h3 Be1 49. Kg6 Bg3 50. f5 Be5 51. f6 Bxc7 52. Nxc7 1-0

[Event "Late-Titled-Tuesday-Blitz-December-26-2023"]
[Site "Chess.com"]
[Date "2023.12.26"]
[Round "10"]
[White "FontVella8"]
[Black "Genghis_K"]
[Result "1-0"]
[WhiteElo "2799"]
[BlackElo "2875"]
[TimeControl "180+1"]
[EndTime "15:53:42 PST"]
[Termination "FontVella8 won on time"]

1. c4 e6 2. Nf3 d5 3. g3 d4 4. Bg2 Nc6 5. O-O Nf6 6. d3 Bc5 7. Na3 O-O 8. Nc2 a5 9. e3 e5 10. exd4 exd4 11. Rb1 h6 12. b3 Bg4 13. h3 Bf5 14. a3 Re8 15. b4 axb4 16. axb4 Bf8 17.
b5 Ne5 18. Nxe5 Rxe5 19. Bf4 Re8 20. g4 Rc8 21. gxf5 Bd6 22. Qf3 Bxf4 23. Qxf4 Nh5 24.
Qg4 Nf6 25. Qxd4 Qxd4 26. Nxd4 Red8 27. Nb3 Rxd3 28. Bxb7 Re8 29. Bg2 Nh5 30. Rfd1 Rc3 31. Rdc1 Rd3 32. Nc5 Rd2 33. Re1 Red8 34. Re7 Nf4 35.
Rxc7 Ne2+ 36. Kh2 Nc3 37. Rf1 Nd1 38. b6 Nxf2 39. b7 Nd1 40. Rxd1 Rxd1 41. Rc8 1-0

[Event "Late-Titled-Tuesday-Blitz-December-26-2023"]
[Site "Chess.com"]
[Date "2023.12.26"]
[Round "10"]
[White "Mystery2007"]
[Black "gxbg2000"]
[Result "0-1"]
[WhiteElo "2534"]
[BlackElo "2047"]
[TimeControl "180+1"]
[EndTime "15:53:42 PST"]
[Termination "gxbg2000 won by resignation"]

1. Nf3 g6 2. d4 Bg7 3. g3 d6 4. Bg2 c6 5. O-O Bf6 6. c4 Bg7 7. Nc3 Nf6 8. Bg5 O-O 9. Rc1 Bg4 10. Qd2 Bxf3 11. Bxf3 Nbd7 12. Rfe1 Re8 13. Bh6 Bh8 14.
Bg2 e5 15. dxe5 Nxe5 16. b3 Qe7 17. h3 Rad8 18. Rcd1 Bg7 19. Bg5 Qe6 20. Qd4 c5 21.
Qd2 Rd7 22. Nd5 Rc8 23. Qf4 Nxd5 24. Rxd5 f6 25. Bh4 g5 26. Bxg5 fxg5 27. Qxg5 Qf6 28.
Qh5 Rf8 29. f4 Ng6 30. Kh2 Re7 31. e4 Nxf4 32. gxf4 Qxf4+ 33. Kh1 Be5 34. Qg4+ Qxg4 35. hxg4 Rf2 36. Rf1 Rxa2 37. Rd3 Rf7 38. Rdf3 Rxf3 39. Rxf3 Kg7 40. g5 a6 41. Bh3 Kg6 42. Bc8 b5 43. cxb5 axb5 44. Bd7 b4 45. Bf5+ Kxg5 46. Bxh7 Rh2+ 47.
Kg1 Rxh7 48. Rf5+ Kg4 49. Kg2 Rh2+ 50. Kg1 Rb2 51. Rf7 Rxb3 52. Rf8 Bf4 53. Rg8+ Kf3 54. Kh1 Rb1+ 55. Rg1 Rxg1+ 56. Kxg1 b3 0-1

[Event "Late-Titled-Tuesday-Blitz-December-26-2023"]
[Site "Chess.com"]
[Date "2023.12.26"]
[Round "10"]
[White "Dr_crypt"]
[Black "IngOscarArdila"]
[Result "1-0"]
[WhiteElo "2384"]
[BlackElo "2313"]
[TimeControl "180+1"]
[EndTime "15:53:43 PST"]
[Termination "Dr_crypt won on time"]

1. e4 e5 2. Nf3 Nf6 3. Bc4 Nxe4 4. Nxe5 d5 5. Be2 Bd6 6. d4 O-O 7. O-O Nd7 8. Nxd7 Bxd7 9. Nc3 Nxc3 10. bxc3 Qh4 11. g3 Qh3 12. Bf3 c6 13. Rb1 b6 14.
Be3 Rfe8 15. Re1 Bf5 16. c4 Be4 17. Bxe4 dxe4 18. f4 f5 19. c5 Bc7 20. d5 cxd5 21. Qxd5+ Kh8 22. cxb6 Bxb6 23. Bxb6 axb6 24. Rxb6 Rad8 25.
Rd6 Rxd6 26. Qxd6 h6 27. Qd4 Kh7 28. a4 Ra8 29. Ra1 Qg4 30. Qe3 Rc8 31. c3 Rd8 32. a5 Rd1+ 33. Rxd1 Qxd1+ 34. Kg2 Qa1 35. Qc5 Qa2+ 36. Kh3 g6 37. Qb5 Qa1 38. a6 Qd1 39. a7 Qg4+ 40. Kg2 Qf3+ 41. Kg1 Qd1+ 42. Qf1 Qa4 43.
Qf2 h5 44. Qd4 Qd1+ 45. Qxd1 1-0

[Event "Late-Titled-Tuesday-Blitz-December-26-2023"]
[Site "Chess.com"]
[Date "2023.12.26"]
[Round "10"]
[White "MITerryble"]
[Black "MightyGMpretender"]
[Result "1-0"]
[WhiteElo "3024"]
[BlackElo "2752"]
[TimeControl "180+1"]
[EndTime "15:53:47 PST"]
[Termination "MITerryble won by resignation"]

1. e4 g6 2. d4 Bg7 3. Nf3 d6 4. c3 Nc6 5. Bb5 Bd7 6. O-O e5 7. dxe5 dxe5 8. Nbd2 Nf6 9. b3 O-O 10. Qe2 Nh5 11. g3 Bg4 12. Nc4 f5 13. Ne3 fxe4 14. Nxg4 exf3 15. Qe4 Qd7 16. h3 Qf5 17. Re1 Rad8 18.
Ba3 Rfe8 19. Bc4+ Kh8 20. Qxf5 gxf5 21. Bf7 fxg4 22. Bxh5 Re6 23. Bxg4 Rf6 24. Re3 Bf8 25. Bxf8 Rdxf8 26. Rd1 R8f7 27. Rdd3 Rd6 28. Bxf3 Kg7 29.
Kg2 a5 30. Be4 Nd8 31. c4 Re7 32. Bd5 c6 33. Be4 Rxd3 34. Rxd3 Ne6 35. Rd6 Nc5 36. f3 Re8 37. h4 Ra8 38. h5 Kg8 39. Bf5 Kg7 40.
h6+ Kg8 41. g4 Rf8 42. a3 Nxb3 43. Rd7 Nc5 44. Rg7+ Kh8 45. Rxh7+ Kg8 46. Rg7+ Kh8 47. Rh7+ Kg8 48. Re7 Rf6 49. h7+ Kh8 50. Re8+ 1-0

[Event "Late-Titled-Tuesday-Blitz-December-26-2023"]
[Site "Chess.com"]
[Date "2023.12.26"]
[Round "10"]
[White "ShahMatKanal"]
[Black "IranianCheetah"]
[Result "1-0"]
[WhiteElo "2506"]
[BlackElo "2355"]
[TimeControl "180+1"]
[EndTime "15:53:48 PST"]
[Termination "ShahMatKanal won on time"]

1. c4 e5 2. d4 exd4 3. Qxd4 Nc6 4. Qd3 Nf6 5. Nc3 Bc5 6. Nf3 h6 7. Bf4 d6 8. O-O-O Bg4 9. Be3 Nb4 10. Qd2 Bf5 11. a3 Nc6 12. Bxc5 dxc5 13. Qf4 Qc8 14. Nd5 Nxd5 15. cxd5 Na5 16. Qa4+ c6 17. Qxa5 O-O 18.
d6 Qe6 19. e4 Bxe4 20. Bd3 Bxf3 21. gxf3 b6 22. Qc3 Rad8 23. Rhg1 g6 24. Bc4 Qf5 25. d7 Kh7 26. Qd3 Qf4+ 27. Kb1 b5 28.
Ba2 c4 29. Qd4 Qf5+ 30. Ka1 a5 31. Bb1 Qe6 32. h4 h5 33. Rg5 Kh6 34. Qd2 Kg7 35.
Rdg1 Rxd7 36. Qc3+ Qf6 37. Rxg6+ fxg6 38. Rxg6+ Kh7 39.
Rxf6+ 1-0

[Event "Late-Titled-Tuesday-Blitz-December-26-2023"]
[Site "Chess.com"]
[Date "2023.12.26"]
[Round "10"]
[White "Jesusesmifuerza"]
[Black "jcmesafischer"]
[Result "1-0"]
[WhiteElo "2213"]
[BlackElo "2284"]
[TimeControl "180+1"]
[EndTime "15:53:52 PST"]
[Termination "Jesusesmifuerza won by checkmate"]

1. e4 c5 2. Nf3 d6 3. d4 cxd4 4.
Nxd4 Nf6 5. Nc3 a6 6. Bc4 e6 7. O-O b5 8. Bb3 Be7 9. f3 O-O 10. Be3 Qc7 11. Qd2 Nbd7 12. Rad1 Bb7 13. a3 Rfd8 14.
Rfe1 Rac8 15. Qf2 Nc5 16. h3 d5 17. exd5 Nxb3 18. Nxb3 Nxd5 19. Nxd5 Rxd5 20. c3 Rxd1 21.
Rxd1 Bd5 22. Nd4 Qb7 23. Rd2 a5 24. Nc2 Bb3 25. Nd4 Bc4 26. Nc2 h6 27. g3 Rd8 28.
Rxd8+ Bxd8 29. Kg2 Bc7 30. Nd4 Bd5 31. h4 b4 32. axb4 axb4 33. Qe2 bxc3 34. bxc3 e5 35. Nf5 Kf8 36. Bc5+ Kg8 37. Ne7+ Kh7 38. Qd3+ e4 39. Qxd5 exf3+ 40. Qxf3 Qb2+ 41. Kh3 Qb1 42. Qf5+ Qxf5+ 43. Nxf5 g6 44. Nd4 f5 45. Ne6 Be5 46. Bd4 Bd6 47. c4 Kg8 48. c5 Be7 49. c6 Bd6 50. c7 Bxc7 51. Nxc7 Kf7 52. Nd5 g5 53. hxg5 hxg5 54. Be3 Kg6 55. Ne7+ Kh5 56. Nxf5 Kg6 57. Nd4 Kh5 58.
g4+ Kg6 59. Nf3 Kf6 60. Bxg5+ Kg6 61. Kh4 Kh7 62. Kh5 Kg7 63. Bf4 Kh7 64. g5 Kg7 65. Be5+ Kh7 66. g6+ Kg8 67. Ng5 Kf8 68. Ne6+ Kg8 69.
Nd4 Kf8 70. Nf5 Kg8 71. Nh6+ Kf8 72. g7+ Ke7 73. g8=Q Kd7 74. Qd5+ Ke8 75. Qe6+ Kd8 76. Nf7# 1-0

[Event "Late-Titled-Tuesday-Blitz-December-26-2023"]
[Site "Chess.com"]
[Date "2023.12.26"]
[Round "10"]
[White "SnekkerAndersen"]
[Black "GothamChess"]
[Result "0-1"]
[WhiteElo "2572"]
[BlackElo "2688"]
[TimeControl "180+1"]
[EndTime "15:53:55 PST"]
[Termination "GothamChess won by resignation"]

1. a3 b6 2. h3 Bb7 3. d3 g6 4. e3 Bg7 5. Nc3 c5 6. Bd2 d5 7. e4 Nf6 8. Qe2 Nc6 9. Nf3 Nd4 10. Nxd4 cxd4 11. Nxd5 Nxd5 12. exd5 Qxd5 13. h4 h6 14. Rg1 Rc8 15. Bf4 e5 16. g4 O-O 17. Bg2 Qd7 18. Bxb7 Qxb7 19. Bg3 Qc6 20. O-O-O b5 21. Kb1 b4 22. axb4 Rb8 23. Qd2 a5 24. bxa5 Rxb2+ 25. Kxb2 Rb8+ 26. Kc1 Bf8 27. Rdf1 Bb4 28. Bxe5 Bxd2+ 29.
Kxd2 Qc3+ 30. Kd1 Rb1+ 31. Ke2 Qxc2+ 32. Kf3 Qxd3+ 33. Kf4 Rxf1 34. Rxf1 Qxf1 35. Bxd4 Qc4 36. Ke3 Qe6+ 37. Kf3 Qd5+ 38. Ke3 Qxa5 39. f3 Qe1+ 40. Kf4 Qxh4 41. Be3 Qg5+ 42. Ke4 f5+ 43. Kd3 Qd8+ 44. Bd4 fxg4 45. fxg4 Qd7 46. g5 Qf5+ 47. Ke3 Qxg5+ 48. Kf3 Qf5+ 49. Kg2 g5 50. Be3 Qe4+ 51. Kf2 Kf7 52.
Kf1 Qxe3 53. Kg2 Qf4 54. Kh1 Qh4+ 55. Kg2 g4 56. Kf1 Qh2 57. Ke1 Qg2 58. Kd1 Qf2 59. Kc1 Qe2 60. Kb1 g3 61. Kc1 h5 62. Kb1 h4 63. Kc1 h3 64. Kb1 g2 65. Kc1 h2 0-1

[Event "Late-Titled-Tuesday-Blitz-December-26-2023"]
[Site "Chess.com"]
[Date "2023.12.26"]
[Round "10"]
[White "Rodalquilar"]
[Black "Grindaveci"]
[Result "1-0"]
[WhiteElo "2754"]
[BlackElo "2413"]
[TimeControl "180+1"]
[EndTime "15:53:55 PST"]
[Termination "Rodalquilar won by checkmate"]

1. d4 d5 2. Nf3 Nf6 3. Bf4 c5 4.
e3 Nc6 5. c3 Qb6 6. Qc2 c4 7.
Nbd2 g6 8. e4 Nxe4 9. Nxe4 dxe4 10. Nd2 Be6 11. Nxc4 Bxc4 12. Bxc4 Bg7 13. O-O O-O 14.
Rfe1 e5 15. dxe5 Bxe5 16. Rxe4 Bxf4 17. Rxf4 Rae8 18. Qb3 Qc7 19. g3 Na5 20. Qb4 Nxc4 21. Rxc4 Qd7 22. Rd4 Qc6 23. Qa4 Qf3 24. Qd1 Re2 25.
Rf4 Qh5 26. g4 Qe5 27. Qd4 Qe6 28. Rf6 Qe7 29. c4 Rd8 30. Qf4 Re4 31. Rxf7 Rxf4 32.
Rxe7 Rxg4+ 33. Kf1 Rxc4 34. Rxb7 Rc2 35. Re1 Rf8 36. Re2 Rc1+ 37. Kg2 a5 38. Ree7 Rf5 39. Rg7+ Kf8 40. Rxh7 Kg8 41. Rhg7+ Kh8 42. Rgf7 Rg5+ 43. Kf3 Rcc5 44. Rf8# 1-0

[Event "Late-Titled-Tuesday-Blitz-December-26-2023"]
[Site "Chess.com"]
[Date "2023.12.26"]
[Round "10"]
[White "StellarChess"]
[Black "grandemestregringo"]
[Result "0-1"]
[WhiteElo "2553"]
[BlackElo "2676"]
[TimeControl "180+1"]
[EndTime "15:53:56 PST"]
[Termination "grandemestregringo won by resignation"]

1. b4 f5 2. Bb2 Nf6 3. Bxf6 exf6 4. a3 b6 5. e3 Bb7 6. Ne2 Bd6 7. d4 O-O 8. Ng3 f4 9. Nf5 fxe3 10. fxe3 Qe8 11. Qg4 g6 12. Kd2 Qe6 13. Bd3 Kh8 14. Nh6 Qxg4 15.
Nxg4 Bxg2 16. Rg1 Bf3 17. Nc3 f5 18. Ne5 Bxe5 19. dxe5 Nc6 20. Nb5 Rac8 21. Raf1 Nxe5 22. Nxa7 Ra8 23. Nb5 c6 24. Nd4 Bd5 25. Ra1 Nc4+ 26.
Bxc4 Bxc4 27. Kc3 Bd5 28. a4 c5 29. bxc5 bxc5 30. Nb3 Rfe8 31. Nxc5 Rac8 32. Kd4 Ba8 33.
Rge1 d6 34. Nb3 Rxc2 35. a5 Rec8 36. Ra4 Rb2 37. Rb4 Ra2 38. Rc1 Rxc1 39. Nxc1 Rxa5 40.
Rb8+ Kg7 41. Nb3 Ra4+ 42. Kc3 Be4 43. Nd4 Ra2 44. Ne6+ Kh6 45. Rh8 Rxh2 46. Nf4 Rc2+ 47. Kd4 g5 48. Ne6 g4 49. Rf8 g3 50. Rg8 g2 51. Nf4 Rf2 52. Kc4 d5+ 53. Kd4 Rf1 54. Nxg2 Rg1 55. Rf8 Rxg2 56. Ke5 Rg6 0-1

[Event "Late-Titled-Tuesday-Blitz-December-26-2023"]
[Site "Chess.com"]
[Date "2023.12.26"]
[Round "10"]
[White "a-z30"]
[Black "IgorBjelobrk"]
[Result "0-1"]
[WhiteElo "2520"]
[BlackElo "2660"]
[TimeControl "180+1"]
[EndTime "15:53:57 PST"]
[Termination "IgorBjelobrk won on time"]

1. c4 b6 2. Nf3 Bb7 3. Nc3 e6 4. e3 f5 5. Qc2 Nf6 6. Be2 Bb4 7. a3 Bxc3 8. Qxc3 O-O 9. O-O a5 10. b3 d6 11. Bb2 Nbd7 12. b4 Qe7 13. Nd4 Ne4 14. Qc2 Ndf6 15. d3 Ng5 16. Rfc1 c5 17. Nb5 e5 18. Bc3 Ne6 19. Qb2 f4 20. e4 g5 21. f3 a4 22. Bf1 h5 23. Kh1 Nd7 24. Qf2 Rf7 25. Be2 Rg7 26. Rg1 g4 27. Qe1 g3 28. h3 Qh4 29. Bf1 Qe7 30. Ra2 Ndf8 31. Qd1 Nh7 32. Qe1 Rd8 33. Qd1 Ra8 34. Qe1 Kf8 35. Qd1 Qd8 36. Rd2 Ke7 37. Qc2 Qf8 38.
Qd1 Qf6 39. Qc2 Qh4 40. Qd1 Nhg5 41. Qe2 Rag8 42. Nc7 Nxc7 43. bxc5 bxc5 44. Rb2 Bc8 45. Rb6 Nxh3 46. gxh3 Bxh3 0-1

[Event "Late-Titled-Tuesday-Blitz-December-26-2023"]
[Site "Chess.com"]
[Date "2023.12.26"]
[Round "10"]
[White "Felix-Rose"]
[Black "ElenGajger"]
[Result "0-1"]
[WhiteElo "2247"]
[BlackElo "2434"]
[TimeControl "180+1"]
[EndTime "15:53:59 PST"]
[Termination "ElenGajger won on time"]

1. e4 c5 2. Nf3 g6 3. d4 cxd4 4. Nxd4 Bg7 5. c4 Nc6 6. Be3 Nf6 7. Nc3 O-O 8. Be2 d6 9. f3 Bd7 10. Qd2 Nxd4 11. Bxd4 Bc6 12. h4 h5 13. g4 hxg4 14.
h5 Nxh5 15. Bxg7 Nxg7 16. Qh6 f5 17. Qxg6 Rf6 18. Qh7+ Kf7 19. fxg4 fxe4 20. g5 Rf3 21. Bxf3 exf3 22. O-O Qb6+ 23. Rf2 Qe3 24. Qh6 Qe5 25. Nd5 Bxd5 26. cxd5 Qxd5 27. Rxf3+ Ke8 28. Raf1 Ne6 29.
Qg6+ Kd7 30. Qf5 Qd4+ 31. R1f2 Rg8 32. Rg3 Rf8 33. Qc2 Nc5 34. Kf1 Rxf2+ 35. Qxf2 Qxf2+ 36. Kxf2 Ne4+ 37. Kf3 Nxg3 38. Kxg3 Ke6 39. Kf4 Kf7 40. b4 e6 41. b5 b6 42. Kg4 Kg7 43. Kh5 e5 44. Kg4 Kg6 45. a4 d5 46. Kh4 d4 47.
Kg4 d3 48. Kf3 Kxg5 0-1

[Event "Late-Titled-Tuesday-Blitz-December-26-2023"]
[Site "Chess.com"]
[Date "2023.12.26"]
[Round "10"]
[White "lefonghua"]
[Black "FREZZY23"]
[Result "1-0"]
[WhiteElo "2653"]
[BlackElo "2387"]
[TimeControl "180+1"]
[EndTime "15:54:02 PST"]
[Termination "lefonghua won by resignation"]

1. d4 Nf6 2. c4 g6 3. Nc3 Bg7 4. e4 d6 5. f4 O-O 6. Nf3 c5 7.
d5 e6 8. Be2 exd5 9. cxd5 Re8 10.
Nd2 a6 11. a4 Qa5 12. Nc4 Qc7 13. e5 dxe5 14. fxe5 Nfd7 15. d6 Qd8 16. O-O Nxe5 17.
Bf4 Nxc4 18. Bxc4 Be6 19. Nd5 Nc6 20. Kh1 Bxd5 21. Qxd5 Qd7 22. Bg3 Rf8 23. Rae1 Bd4 24.
Re4 Kg7 25. Ref4 f5 26. R4f3 Rad8 27. Bh4 Qxd6 28. Bxd8 Qxd5 29. Bxd5 Rxd8 30. Bxc6 bxc6 31. Rb3 c4 32. Rb7+ Kf6 33. g4 h6 34. gxf5 gxf5 35.
Rc1 Rg8 36. h4 Rg4 37. Rxc4 Rxh4+ 38. Kg2 Rg4+ 39. Kf3 c5 40. b4 Ke5 41. bxc5 Rf4+ 42.
Ke2 Kd5 43. Rc2 Rf2+ 44. Kd3 Rxc2 45. Kxc2 Bxc5 46. Rh7 Be3 47. Kd3 Bg5 48. Ra7 f4 49. Rxa6 Kc5 50. Ke4 h5 51. Kf3 h4 52. Ra5+ Kb4 53. Rxg5 Kxa4 54. Kxf4 1-0